 Dungeon Crawl Stone Soup version 0.24.0-13-gcf9b319 (webtiles) character file.

Game seed: 4275115620731330319, levelgen mode: deterministic

100 Bronimir the Charmwright (level 4, -2/35 HPs)
             Began as a Barachi Skald on Apr 10, 2020.
             Killed from afar by Natasha (8 damage)
             ... with a magic dart
             ... on level 2 of the Dungeon.
             The game lasted 00:02:55 (1459 turns).

Bronimir the Charmwright (Barachi Skald)            Turns: 1459, Time: 00:02:56

Health: -2/35      AC:  8    Str: 13    XL:     4   Next: 73%
Magic:  3/7        EV: 11    Int: 13    God:
Gold:   61         SH:  0    Dex: 12    Spells: 2/7 levels left

rFire    . . .     SeeInvis .   a - +3 hand axe
rCold    . . .     Gourm    .   (no shield)
rNeg     . . .     Faith    .   c - +2 ring mail {rPois}
rPois    +         Spirit   .   (no helmet)
rElec    .         Reflect  .   p - +0 cloak
rCorr    .         Harm     .   (no gloves)
MR       .....                  (no boots)
Stlth    +.........             (no amulet)
HPRegen  0.11/turn              (no ring)
MPRegen  0.10/turn              (no ring)

@: very slightly contaminated, slow
A: +LOS, swims, slowness 1, strong legs 1
a: Hop


You were on level 2 of the Dungeon.
You were not hungry.

You visited 1 branch of the dungeon, and saw 2 of its levels.

You collected 61 gold pieces.

Inventory:

Hand Weapons
 a - a +3 hand axe (weapon)
 b - a +0 hunting sling
 h - a +0 hand axe
Missiles
 g - 5 poisoned darts (quivered)
 k - 60 stones
 n - 64 bolts
Armour
 c - a +2 ring mail of poison resistance (worn)
 j - a +0 leather armour
 p - a +0 cloak (worn)
Scrolls
 f - a scroll of magic mapping {unknown}
 i - 7 scrolls of identify {unknown}
 m - a scroll of blinking {unknown}
 o - a scroll of remove curse {unknown}
 q - 3 scrolls of amnesia {unknown}
 r - a scroll of teleportation {unknown}
Potions
 e - a potion of flight {unknown}
 l - a potion of lignification {unknown}
Comestibles
 d - 6 rations


   Skills:
 * Level 3.0 Fighting
 * Level 3.4 Axes
 + Level 0.2 Slings
 * Level 2.1 Armour
 * Level 2.5 Dodging
 + Level 2.3 Spellcasting
 * Level 4.1 Charms


You had 2 spell levels left.
You knew the following spells:

 Your Spells              Type           Power        Failure   Level  Hunger
a - Infusion              Chrm           ##..         10%         1    #......
b - Song of Slaying       Chrm           ##......     14%         2    ###....
c - Shroud of Golubria    Chrm/Tloc      #.....       32%         2    ###....

Your spell library contained the following spells:

 Spells                   Type           Power        Failure   Level  Hunger
 Regeneration             Chrm/Necr      #.........   56%         3    ###....
 Spectral Weapon          Hex/Chrm       #.......     56%         3    ###....


Dungeon Overview and Level Annotations

Branches:
Dungeon (2/15)

Altars:

Annotations:
D:2 Natasha


Innate Abilities, Weirdness & Mutations

Shadows flee at your approach. (+LOS)
You can swim through water.
You cover ground slowly.
You can hop short distances.


Message History

Natasha is almost dead.
Natasha claws you.
You barely miss Natasha.
Natasha is almost dead.
Natasha claws you!
You are too injured to fight recklessly!
You are too injured to fight recklessly!
You are too injured to fight recklessly!
You barely miss Natasha.
Natasha is almost dead.
Natasha claws you.
* * * LOW HITPOINT WARNING * * *
You closely miss Natasha.
Natasha is almost dead.
Natasha closely misses you.
You hit Natasha.
Natasha is almost dead.
Natasha stares at you and mumbles some strange words.
The magic dart hits you!
You die...

####..
#############.##.#
..............##.#
......###..).###.#
.......##.#### #.#
..........# #.## ###
......)#.## #.. ...
######รท#.# #h# ...
#..#.# #@# #.#
##.##.##### #.#...
#..##.....# #.#.###
##.#######.###.....#..
###..# #...#.###.#.#
##..#### ##......#...
.......#### #..###.#.#
..........# ##...#...#
#.######### #...#...#


You could see Natasha.

Vanquished Creatures
  Natasha (twice) (D:2)
  An ooze (D:1)
  A worm (D:2)
  2 dart slugs
  A ball python (D:1)
  2 giant cockroaches
  5 goblins
  A hobgoblin (D:1)
  12 bats
  4 frilled lizards
  6 kobolds
  5 rats
42 creatures vanquished.

Notes
Turn   | Place    | Note
-------+----------+-------------------------------------------
     0 | D:1      | Bronimir the Barachi Skald began the quest for the Orb.
     0 | D:1      | Reached XP level 1. HP: 17/17 MP: 3/3
   296 | D:1      | Reached XP level 2. HP: 22/23 MP: 5/5
   595 | D:1      | Reached XP level 3. HP: 28/28 MP: 6/6
   926 | D:1      | Learned a level 2 spell: Song of Slaying
   929 | D:1      | Learned a level 2 spell: Shroud of Golubria
  1240 | D:2      | Noticed Natasha
  1256 | D:2      | Killed Natasha
  1256 | D:2      | Reached skill level 4 in Charms
  1256 | D:2      | Reached XP level 4. HP: 17/34 MP: 0/7
  1427 | D:2      | Noticed Natasha
  1435 | D:2      | Killed Natasha
  1439 | D:2      | Noticed Natasha
  1459 | D:2      | Killed from afar by Natasha

Levels and vault maps discovered:
D:1:      dpeg_arrival_short_road, layout_basic
D:2:      layout_rooms, hangedman_abyss_or_decor_stabs, uniq_natasha

Skill      XL: |  1  2  3  4 |
---------------+-------------+-----
Armour         | 2 |  2.1
Axes           | 3 |  3.4
Charms         | 4 |  4.1
Fighting       | 3 |  3.0
Slings         | |  0.2
Dodging        | |  2.5
Spellcasting   | |  2.3

Action                   |  1- 3 |  4- 6 || total
-------------------------+-------+-------++-------
Melee: Hand axe          |   108 |    20 ||   128
 Fire: Hunting sling     |     9 |       ||     9
Throw: Dart              |     6 |       ||     6
 Cast: Infusion          |     2 |     1 ||     3
       Shroud of Golubri |     1 |     1 ||     2
 Stab: Sleeping          |     1 |       ||     1
  Eat: Chunk             |     1 |     2 ||     3
Armor: Leather armour    |     4 |       ||     4
       Ring mail         |    32 |     7 ||    39
Dodge: Dodged            |    77 |    12 ||    89
